 Dungeon Crawl Stone Soup version 0.31-a0-233-g139696dc86 (webtiles) character file.

Game seed: 8191534151174112460

1809 olmar the Covered (level 8, -1/64 (72) HPs)
             Began as an Armataur Fighter on July 8, 2023.
             Slain by a wight
             ... wielding a +5 short sword of freezing
              (6 damage)
             ... on level 6 of the Dungeon.
             The game lasted 00:07:45 (5045 turns).

olmar the Covered (Armataur Fighter)                Turns: 5045, Time: 00:07:46

HP:   -1/64 (72)    AC:  9    Str: 24    XL:     8   Next: 84%
MP:   8/8           EV: 13    Int:  9    God:
Gold: 174           SH:  0    Dex:  9    Spells: 7/7 levels left

rFire   . . .        n - +0 dire flail
rCold   . . .        (shield currently unavailable)
rNeg    . . .        b - +1 scale mail
rPois   .            (no helmet)
rElec   .            (no cloak)
rCorr   +            (no gloves)
SInv    .            (no barding)
Will    .....        l - amulet of regeneration Stlth
                     k - ring of resist corrosion
HPRegen 1.10/turn    r - +5 ring of evasion
MPRegen 0.11/turn

%: roll
@: heavily drained
A: large, rugged brown scales 3, deformed body, armoured tail, roll, long
tongue, awkward tongue
a: no special abilities


You were on level 6 of the Dungeon.
You visited 2 branches of the dungeon, and saw 8 of its levels.

You collected 174 gold pieces.

Inventory:

Hand Weapons
 a - a +0 flail
 n - a +0 dire flail (weapon)
Missiles
 f - 4 atropa-tipped darts
Armour
 b - a +1 scale mail (worn)
 c - a +0 buckler
 i - a scarf of harm
 x - a +0 plate armour
Jewellery
 k - a ring of resist corrosion (left hand)
 l - an amulet of regeneration (around neck)
 o - a ring of magical power
 r - a +5 ring of evasion (right hand)
 u - an amulet of faith
 v - a ring of protection from cold
Wands
 m - a wand of polymorph (4)
Scrolls
 e - a scroll of enchant armour
 j - a scroll of immolation
 q - a scroll of enchant weapon
 s - 2 scrolls of amnesia
Potions
 d - a potion of enlightenment


   Skills:
 + Level 5.2 Fighting
 + Level 6.8 Maces & Flails
 + Level 7.7 Armour
 + Level 2.1 Dodging
 + Level 1.0 Stealth
 - Level 4.8 Shields


You had 7 spell levels left.
You didn't know any spells.
Your spell library contained the following spells:

 Spells                   Type           Power      Damage    Failure   Level
 Call Canine Familiar     Summ           0%         N/A       95%         3
 Portal Projectile        Hex/Tloc       0%         N/A       95%         3
 Leda's Liquefaction      Hex/Erth       0%         N/A       100%        4
 Malign Gateway           Summ/Tloc      0%         N/A       100%        7
 Summon Horrible Things   Summ           0%         N/A       100%        8


Dungeon Overview and Level Annotations

Branches:
Dungeon (7/15)             Temple (1/1) D:5

Altars:
Ashenzari
Dithmenos
Elyvilon
Fedhas
Hepliaklqana
Kikubaaqudgha
Makhleb
Okawaru
Qazlal
Ru
Sif Muna
Trog
Uskayaw
Vehumet
Xom
Yredelemnul

Shops:
D:1 :   D:6 *

Annotations:
D:3 1 runed translucent door, Crazy Yiuf


Innate Abilities, Weirdness & Mutations

You are completely covered in rugged brown scales. (AC +3, +7% HP)
Armour fits poorly on your strangely shaped body.
You have a long armoured tail.
You roll when moving toward enemies. (Rampage)
Your long tongue fully drains potion bottles. (2x potion effects)
Your tongue gives you trouble enunciating. (1.5x scroll delay)


Message History

Okay, then.
The wight attacks as you move away! The wight misses you.
Found 4 stones.
The wight attacks as you move away! The wight barely misses you.
The wight attacks as you move away!
The wight hits you with a +5 short sword of freezing.
You feel drained. The wight freezes you.
Found a scroll labelled RAXZAZ JEWN and 7 stones.
You see here a scroll labelled RAXZAZ JEWN.
g - a scroll labelled RAXZAZ JEWN The wight hits you with a +5 short sword of freezing.
You feel drained. The wight freezes you. The wight attacks as you move away!
The wight hits you with a +5 short sword of freezing!
You feel drained. The wight freezes you.
As you slowly read the scroll labelled RAXZAZ JEWN, it crumbles to dust.
You hear a loud clanging noise!
It was a scroll of noise.
You hear a shout! x6; You hear an angry hiss.
You hear a shout!
The wight closely misses you.
The wight hits you with a +5 short sword of freezing!
* * * LOW HITPOINT WARNING * * *
You feel drained.
* * * LOW HITPOINT WARNING * * *
The wight freezes you.
* * * LOW HITPOINT WARNING * * *
Unknown command.
Unknown command.
Okay, then.
You hit the wight.
The wight is moderately damaged.
The wight hits you with a +5 short sword of freezing.
* * * LOW HITPOINT WARNING * * *
The wight freezes you.
* * * LOW HITPOINT WARNING * * *
Unknown command.
You closely miss the wight.
The wight is moderately damaged.
The wight hits you with a +5 short sword of freezing.
You die...

#. # . #. .## #. ... #(
# #.## ##. #### #.(
#..##.... #.# ..#.....
#@# .#.(........ ##z#
#.... #...... #. #fl#
#..## #......
#...##z#####...###......
#.......l...............
#.........##...###).....
#.....###f.....####.....
#....# #...z.#..# ##..<[
#........###O.#.# #####


You could see a sleepcap, an iguana and 2 wights.

Vanquished Creatures
  Sigmund (D:4)
  A water moccasin (D:7)
  2 orc warriors (D:7)
  An ice beast (D:3)
  A black bear (D:5)
  2 centaurs (D:7)
  A phantom (D:6)
  A bullfrog (D:7)
  4 scorpions
  A howler monkey (D:6)
  2 hounds (D:4)
  2 orc priests
  6 iguanas
  7 orc wizards
  4 adders (D:3)
  An ufetubus (D:3)
  2 worms (D:3)
  2 dart slugs
  24 orcs
  5 ball pythons
  4 endoplasms
  2 giant cockroaches
  8 goblins
  3 hobgoblins
  3 jackals (D:2)
  4 kobolds
  4 quokkas
  5 bats
  2 frilled lizards (D:1)
  2 rats
107 creatures vanquished.

Notes
Turn   | Place    | Note
-------+----------+-------------------------------------------
     0 | D:1      | olmar the Armataur Fighter began the quest for the Orb.
     0 | D:1      | Reached XP level 1. HP: 19/19 MP: 1/1
   281 | D:1      | Reached XP level 2. HP: 26/26 MP: 2/2
   376 | D:1      | Found Jariphu's Book Emporium.
   473 | D:1      | Reached skill level 4 in Armour
   874 | D:2      | Found a stormy altar of Qazlal.
   951 | D:2      | Reached XP level 3. HP: 33/33 MP: 3/3
  1728 | D:3      | Reached XP level 4. HP: 40/40 MP: 4/4
  1925 | D:3      | Found a runed translucent door.
  1926 | D:3      | Noticed Crazy Yiuf
  2099 | D:4      | Noticed Sigmund
  2181 | D:4      | Noticed an ice beast
  2207 | D:3      | Killed an ice beast
  2208 | D:3      | Reached skill level 1 in Dodging
  2208 | D:3      | Reached XP level 5. HP: 35/48 MP: 5/5
  2315 | D:4      | Reached skill level 5 in Armour
  2315 | D:4      | Reached XP level 6. HP: 28/54 MP: 6/6
  2673 | D:4      | Killed Sigmund
  2674 | D:4      | Reached XP level 7. HP: 58/62 MP: 7/7
  3386 | D:5      | Entered Level 5 of the Dungeon
  3444 | D:5      | Found a bloodstained altar of Trog.
  3457 | D:5      | Reached skill level 6 in Armour
  3555 | D:5      | Reached skill level 5 in Maces & Flails
  3762 | D:5      | Reached XP level 8. HP: 71/71 MP: 8/8
  3797 | D:5      | Found a staircase to the Ecumenical Temple.
  3806 | Temple   | Entered the Ecumenical Temple
  4424 | D:7      | Reached skill level 7 in Armour
  4611 | D:7      | Found a broken altar of Ashenzari.
  4670 | D:7      | Reached skill level 5 in Fighting
  4927 | D:7      | Reached skill level 1 in Stealth
  4997 | D:6      | Found Xithu's Overcharged Wands.
  5045 | D:6      | Slain by a wight

Illustrated notes

Levels and vault maps discovered:
D:1:      psy_arrival_radial01, layout_rooms, serial_shops,
          nicolae_shop_waterfront
D:2:      layout_basic, basic_altar
D:3:      layout_loops_ring, uniq_crazy_yiuf_cottage
D:4:      layout_layer_cave, minmay_quantized, uniq_sigmund
D:5:      layout_loops_cross, mainiacjoe_overflow_chevrons,
          minmay_temple_entry_glass
D:6:      layout_rooms, nicolae_shop_overcharged_wands
D:7:      layout_loops_ring, old_standard_altar,
          pdpol_wu_jian_five_deadly_venoms, uniq_pikel
Temple:   eino_temple_water

Skill      XL: |  1  2  3  4  5  6  7  8 |
---------------+-------------------------+-----
Maces & Flails | 2 3 4 5 6 |  6.8
Armour         | 4 5 6 7 |  7.7
Fighting       | 3 4 5 |  5.2
Dodging        | 1 2 |  2.1
Shields        | 4 |  4.8
Stealth        | 1 |  1.0

Action                     |  1- 3 |  4- 6 |  7- 9 || total
---------------------------+-------+-------+-------++-------
  Melee: Flail             |   117 |   101 |   268 ||   486
         Tailslap          |    14 |     8 |    34 ||    56
         Dire flail        |       |       |     5 ||     5
    Use: Scroll            |       |     4 |     8 ||    12
         Potion            |       |     3 |     2 ||     5
 Armour: Scale mail        |    67 |    51 |   124 ||   242
  Dodge: Dodged            |    46 |    44 |   171 ||   261
  Block: Buckler           |    29 |    21 |    46 ||    96

Table legend: (Time is in decaauts)
 A = Elapsed time spent in this place.
 B = Non-inter-level travel time spent in this place.
 C = Inter-level travel time spent in this place.
 D = Time resting spent in this place.
 E = Time spent auto-exploring this place.
 F = Levels seen in this place.
 G = Mean time per level.
                   A        B        C        D        E       F      G
               +--------+--------+--------+--------+--------+-----+--------+
         Total |   5155 |   4986 |    169 |    749 |   3101 |   8 |  644.4 |
       Dungeon |   4930 |   4776 |    154 |    749 |   2902 |   7 |  704.3 |
        Temple |    224 |    209 |     15 |      0 |    199 |   1 |  224.0 |
               +--------+--------+--------+--------+--------+-----+--------+

Top non-repeatable levels by time:
     D:4: 1201 daAuts
     D:3: 804 daAuts
     D:2: 758 daAuts
     D:5: 721 daAuts
     D:1: 694 daAuts
     D:7: 630 daAuts
  Temple: 224 daAuts
     D:6: 121 daAuts
